 Dungeon Crawl Stone Soup version 0.19-a0-1007-g133f65f (webtiles) character file.

67 HAL9000 the Ruffian (level 3, -2/28 HPs)
             Began as a Draconian Transmuter on July 19, 2016.
             Slain by Sigmund
             ... wielding a +0 scythe
              (8 damage)
             ... on level 2 of the Dungeon.
             The game lasted 00:03:42 (1872 turns).

HAL9000 the Ruffian (Draconian Transmuter)          Turns: 1872, Time: 00:03:43

Health: -2/28      AC:  5    Str: 13    XL:     3   Next: 98%
Magic:  0/6        EV: 17    Int: 13    God:
Gold:   111        SH:  0    Dex: 16    Spells: 3 memorised, 0 levels left

rFire  . . .     SeeInvis .       - Unarmed
rCold  . . .     Gourm    .     (armour unavailable)
rNeg   . . .     Faith    .     (no shield)
rPois  .         Spirit   .     (helmet restricted)
rElec  .         Dismiss  .     (no cloak)
rCorr  .         Reflect  .     (no gloves)
SustAt .         Harm     .     (no boots)
MR     .....                    (no amulet)
Stlth  ++........               (no ring)
                                (no ring)

@: agile, very slightly contaminated, hasted, very quick, not resistant to
hostile enchantments, unstealthy
A: unfitting armour, cold-blooded, AC +5
a: no special abilities


You were on level 2 of the Dungeon.
You were not hungry.

You visited 1 branch of the dungeon, and saw 2 of its levels.

You collected 111 gold pieces.

Inventory:

Missiles
 a - 111 arrows
Scrolls
 d - a scroll of fog {unknown}
 e - a scroll of remove curse {unknown}
 h - a scroll of blinking {unknown}
 j - a scroll of amnesia {unknown}
 k - 2 scrolls of recharging {unknown}
Books
 b - a book of Changes

   Spells                             Type                      Level
   a - Beastly Appendage              Transmutation                1
   b - Sticks to Snakes               Transmutation                2
   c - Spider Form                    Transmutation/Poison         3
   d - Ice Form                       Ice/Transmutation            4
   e - Blade Hands                    Transmutation                5
Comestibles
 c - 2 bread rations
 f - a meat ration


   Skills:
 - Level 1.1 Fighting
 - Level 1.7 Dodging
 + Level 4.0 Unarmed Combat
 - Level 2.0 Spellcasting
 + Level 3.4 Transmutations


You couldn't memorise any spells.
You knew the following spells:

 Your Spells              Type           Power        Failure   Level  Hunger
a - Beastly Appendage     Tmut           ##....       10%         1    ##.....
b - Sticks to Snakes      Tmut           ##......     12%         2    ###....
c - Spider Form           Tmut/Pois      #.........   38%         3    ####...


Dungeon Overview and Level Annotations

Branches:
Dungeon (2/15)

Altars:

Annotations:
D:2 Sigmund


Innate Abilities, Weirdness & Mutations

Your plain brown scales are hard. (AC +5)
Your body does not fit into most forms of armour.
You are cold-blooded and may be slowed by cold attacks.


Message History

Your hands glow momentarily.
Something hits you!
* * * LOW HITPOINT WARNING * * *
You closely miss something.
Unknown command.
You swap places.
Something hits you but does no damage.
Unknown command.
It was a potion of haste.
You feel yourself speed up.
It was a potion of curing.
You feel better. Something hits you.
It was a potion of agility.
You feel agile all of a sudden.
Unknown command.
You swap places.
Something misses you.
You barely miss something.
Your tail-slap misses something.
Unknown command.
You hit something. Something hits you.
* * * LOW HITPOINT WARNING * * *
You closely miss something.
Your tail-slap misses something.
Unknown command.
You closely miss something. Something hits you!
You die...

..#.#####.###.###...#.##.
.........# #........#
....#####.# #.###...###
..### b# ###.#####. ###
##.####..........
..?....†#####....
##$..##'# #. #..# #.{# #.
#S@# #SS# #..# #..# ####


You could see a friendly adder and 2 friendly ball pythons.

Vanquished Creatures
  2 adders (D:2)
  2 dart slugs (D:1)
  A giant gecko (D:1)
  12 bats
  2 giant cockroaches
  9 hobgoblins
  2 jackals (D:1)
  A quokka (D:2)
  A giant newt (D:2)
  A goblin (D:1)
  5 kobolds (D:1)
  5 rats (D:1)
43 creatures vanquished.

Vanquished Creatures (collateral kills)
  A giant cockroach (D:1)
  A kobold (D:1)
  A goblin (D:2)
3 creatures vanquished.

Grand Total: 46 creatures vanquished

Notes
Turn   | Place    | Note
-------+----------+-------------------------------------------
     0 | D:1      | HAL9000 the Draconian Transmuter began the quest for the Orb.
     0 | D:1      | Reached XP level 1. HP: 16/16 MP: 3/3
   432 | D:1      | Reached XP level 2. HP: 20/23 MP: 3/5
   482 | D:1      | Learned a level 2 spell: Sticks to Snakes
   958 | D:1      | Reached XP level 3. HP: 24/28 MP: 4/6
   963 | D:1      | Learned a level 3 spell: Spider Form
  1307 | D:2      | Noticed Sigmund
  1763 | D:2      | Reached skill level 4 in Unarmed Combat
  1872 | D:2      | Slain by Sigmund

Vault maps used:
D:1:      dpeg_arrival_connections, minmay_misc_feat_square
D:2:      minmay_divided_ellipse, uniq_sigmund

Skill      XL: |  1  2  3 |
---------------+----------+-----
Transmutations | 3 |  3.4
Unarmed Combat | 4 |  4.0
Fighting       | |  1.1
Dodging        | |  1.7
Spellcasting   | |  2.0

Action                   || total
-------------------------++-------
Melee: Unarmed           ||   159
       Tailslap          ||     8
       Kick              ||    10
       Punch             ||     4
       Headbutt          ||     4
 Cast: Beastly Appendage ||    23
       Sticks to Snakes  ||     8
  Use: Potion            ||     3
  Eat: Chunk             ||     4
Armor: Skin              ||    57
Dodge: Dodged            ||   150
